 Dungeon Crawl Stone Soup version 0.31.0-32-g396128a36d (webtiles) character file.

Game seed: 13977619885739228100

294 jagang the Slasher (level 6, -7/47 HPs)
             Began as a Human Monk on Mar 13, 2024.
             Mangled by Edmund
             ... wielding a +1 heavy dire flail
              (14 damage)
             ... on level 3 of the Dungeon.
             The game lasted 00:06:38 (2744 turns).

jagang the Slasher (Human Monk)                     Turns: 2744, Time: 00:06:38

Health: -7/47      AC: 10    Str: 12    XL:     6   Next: 34%
Magic:  6/6        EV:  7    Int: 10    God:
Gold:   278        SH:  0    Dex: 17    Spells: 5/5 levels left

rFire   . . .        a - +0 falchion
rCold   . . .        d - orb {light}
rNeg    . . .        s - +0 chain mail
rPois   .            q - +0 helmet
rElec   .            u - +0 cloak
rCorr   .            (no gloves)
SInv    .            (no boots)
Will    .....        (no amulet) Stlth
                     (no ring)
HPRegen 0.27/turn    (no ring)
MPRegen 0.10/turn

%: no passive effects
@: about to teleport, glowing
A: explore regen
a: no special abilities


You were on level 3 of the Dungeon.
You visited 1 branch of the dungeon, and saw 4 of its levels.

You collected 278 gold pieces.

Inventory:

Hand Weapons
 a - a +0 falchion (weapon)
Missiles
 k - 9 boomerangs
 p - 4 poisoned darts (quivered)
Armour
 d - an orb of light (worn)
 q - a +0 helmet (worn)
 s - a +0 chain mail (worn)
 u - a +0 cloak (worn)
Wands
 v - a wand of charming (9)
 w - a wand of quicksilver (6)
Scrolls
 b - a scroll of fog
 f - a scroll of enchant armour
 i - a scroll of amnesia
 l - a scroll of blinking {unknown}
 n - a scroll of poison {unknown}
 t - a scroll of immolation {unknown}
Potions
 c - a potion of ambrosia
 e - a potion of cancellation {unknown}
 g - a potion of berserk rage {unknown}
 h - 2 potions of curing {unknown}
 m - 3 potions of might {unknown}
 o - 2 potions of mutation {unknown}
 r - a potion of degeneration {unknown}


   Skills:
 - Level 3.0 Fighting
 * Level 6.2 Long Blades
 - Level 2.5 Throwing
 - Level 3.0 Dodging


You had 5 spell levels left.
You didn't know any spells.
Your spell library contained the following spells:

 Spells                   Type           Power      Damage    Failure   Level
 Ozocubu's Armour         Ice            0%         N/A       100%        3
 Metabolic Englaciation   Hex/Ice        0%         N/A       100%        5
 Sculpt Simulacrum        Ice/Alch       0%         N/A       100%        6


Dungeon Overview and Level Annotations

Branches:
Dungeon (4/15)
 Temple: D:4-7

Altars:
Trog

Annotations:
D:3 Edmund


Innate Abilities, Weirdness & Mutations

You regain HP and MP as you explore.


Message History

There is a stone staircase leading down here.
h - 2 bubbling ruby potions (gained 1)
Found a stone staircase leading up.
There is a stone staircase leading down here.
You see here a +0 scale mail.
You see here a +0 scale mail.
There is a stone staircase leading down here.
A bat comes into view.
The bat hits you but does no damage. The bat barely misses you.
A bat is nearby!
You hit the bat.
You kill the bat!
No target in view!
You see here a bat corpse.
You see here an adder skeleton.
There is a shaft here.
You see here a +0 whip.
Done exploring.
Done exploring.
There is a stone staircase leading down, spattered with blood here.
Things that are here:
a +0 club; 4 stones Search for what [Enter for "D:2", or ? for help]?
D:3 You climb downwards.
There is a stone staircase leading up here.
Edmund hits you with a +1 heavy dire flail!!
You climb upwards.
There is a stone staircase leading down, spattered with blood here.
Things that are here:
4 stones; a +0 club You hit Edmund but do no damage.
You hit Edmund but do no damage.
Edmund hits you with a +1 heavy dire flail!!
* * * LOW HITPOINT WARNING * * *
You are too injured to fight recklessly!
As you read the scroll of teleportation, it crumbles to dust.
You feel strangely unstable.
Edmund hits you with a +1 heavy dire flail!
You die...
Edmund says, "That'll show my brother!"

###### [....################
.###.##.........@@..#########
.# #.##.###.#####...........#
.# #.##.###.# ###.#######.#
.###.......<# #.# #.#
........###########.## #.#
..<#.................# #.#
.....###########.##.## #.#
...### #.##.# #.# ..## #)##.#
#.#


You could see Edmund.

Vanquished Creatures
  Terence (D:3)
  Natasha (thrice) (D:2)
  An orc wizard (D:3)
  7 adders
  2 dart slugs (D:2)
  5 ribbon worms
  10 orcs
  7 ball pythons
  4 endoplasms
  3 giant cockroaches (D:2)
  6 goblins
  5 hobgoblins
  3 jackals (D:2)
  4 quokkas
  6 bats
  11 frilled lizards
  9 kobolds
  7 rats
94 creatures vanquished.

Notes
Turn   | Place    | Note
-------+----------+-------------------------------------------
     0 | D:1      | jagang the Human Monk began the quest for the Orb.
     0 | D:1      | Reached XP level 1. HP: 18/18 MP: 1/1
   113 | D:1      | Reached XP level 2. HP: 24/24 MP: 2/2
   794 | D:1      | Reached skill level 4 in Long Blades
   863 | D:2      | Reached XP level 3. HP: 11/29 MP: 3/3
  1109 | D:2      | Noticed Natasha
  1119 | D:2      | Killed Natasha
  1120 | D:2      | Reached skill level 1 in Throwing
  1120 | D:2      | Reached XP level 4. HP: 21/35 MP: 4/4
  1297 | D:2      | Reached skill level 5 in Long Blades
  1298 | D:2      | Noticed Natasha
  1308 | D:2      | Killed Natasha
  1309 | D:2      | Reached XP level 5. HP: 20/41 MP: 5/5
  1418 | D:2      | Noticed Natasha
  1425 | D:2      | Killed Natasha
  1974 | D:3      | Noticed Terence
  1996 | D:3      | Reached XP level 6. HP: 45/47 MP: 6/6
  2007 | D:3      | Killed Terence
  2008 | D:3      | Reached skill level 6 in Long Blades
  2231 | D:3      | Found a bloodstained altar of Trog.
  2739 | D:4      | Noticed Edmund
  2744 | D:3      | Mangled by Edmund

Illustrated notes

Levels and vault maps discovered:
D:1:      shiori_arrival_oz, layout_loops_corners, chequers_mini_garden,
          minmay_lizard_king
D:2:      layout_rooms, dreamdust_princess_bridge, minmay_joined_circles,
          uniq_natasha
D:3:      layout_loops_ring, amcnicky_altar_gilded, uniq_terence
D:4:      due_chaos_kobolds, layout_cave_pools, minmay_temple_entry_trees,
          uniq_menkaure, uniq_eustachio, uniq_edmund

Skill      XL: |  1  2  3  4  5  6 |
---------------+-------------------+-----
Long Blades    | 4 5 6 |  6.2
Throwing       | 1 2 |  2.5
Fighting       | |  3.0
Dodging        | |  3.0

Action                     |  1- 3 |  4- 6 || total
---------------------------+-------+-------++-------
  Melee: Falchion          |    95 |   177 ||   272
  Throw: Boomerang         |     2 |       ||     2
         Dart              |       |     3 ||     3
    Use: Scroll            |       |     5 ||     5
 Armour: Robe              |    45 |    36 ||    81
         Chain mail        |       |   102 ||   102
  Dodge: Dodged            |    82 |   110 ||   192
